 Dungeon Crawl Stone Soup version 0.31-a0-731-ga75f04d (webtiles) character file.

Game seed: 15591439329534403007

182 BarneyGumball the Spear-Bearer (level 5, -1/38 HPs)
             Began as a Merfolk Gladiator on Sept 11, 2023.
             Was a Follower of Ru.
             Slain by an ogre
             ... wielding a +0 giant club
              (9 damage)
             ... on level 4 of the Dungeon.
             The game lasted 00:09:29 (2589 turns).

BarneyGumball the Spear-Bearer (Merfolk Gladiator)  Turns: 2589, Time: 00:09:29

Health: -1/38      AC:  5    Str: 16    XL:     5   Next: 62%
Magic:  5/5        EV: 13    Int:  7    God:    Ru [*.....]
Gold:   135        SH:  5    Dex: 16    Spells: 4/4 levels left

rFire   . . .        a - +0 trident
rCold   . . .        (no shield)
rNeg    . . .        b - +0 leather armour
rPois   .            (helmet restricted)
rElec   .            (no cloak)
rCorr   .            (no gloves)
SInv    .            (no boots)
Will    .....        t - amulet of reflection
Stlth   +            (no ring)
HPRegen 0.26/turn    (no ring)
MPRegen 0.09/turn

%: random rage (3%), reflection
@: on berserk cooldown, hasted and slowed
A: hated by all, (nimble swimmer 2), mertail, horns 1, iridescent scales 1,
berserk 1
a: Renounce Religion


You were on level 4 of the Dungeon.
You worshipped Ru.
Ru was aware of your devotion.
You visited 1 branch of the dungeon, and saw 4 of its levels.

You collected 135 gold pieces.

Inventory:

Hand Weapons
 a - a +0 trident (weapon)
Missiles
 d - 2 throwing nets (quivered)
 e - a javelin
 j - 2 poisoned darts
Armour
 b - a +0 leather armour (worn)
 c - a +0 helmet
Jewellery
 t - an amulet of reflection (around neck)
Scrolls
 f - 2 scrolls of identify {unknown}
 g - 3 scrolls of teleportation {unknown}
 i - a scroll of immolation {unknown}
 n - a scroll of enchant weapon {unknown}
 o - a scroll of revelation {unknown}
 q - a scroll of vulnerability {unknown}
 r - a scroll of fog {unknown}
Potions
 h - a potion of mutation
 k - a potion of heal wounds {unknown}
 m - a potion of curing {unknown}
 p - a potion of attraction {unknown}
 s - a potion of might {unknown}
 u - a potion of cancellation {unknown}


   Skills:
 - Level 2.1 Fighting
 + Level 8.1 Polearms
 - Level 2.0 Throwing
 - Level 4.0 Dodging


You had 4 spell levels left.
You didn't know any spells.
Your spell library contained the following spells:

 Spells                   Type           Power      Damage    Failure   Level
 Static Discharge         Conj/Air       0%         2-2/arc   65%         2
 Airstrike                Air            0%         2d(0-16)  99%         4
 Summon Lightning Spire   Summ/Air       Unusable   N/A       N/A         4

Dungeon Overview and Level Annotations

Branches:
Dungeon (4/15)
 Temple: D:4-7

Altars:
Dithmenos
Gozag
Makhleb
Nemelex Xobeh
Qazlal
Ru
Uskayaw
Wu Jian
Xom

Annotations:
D:3 Grinder
D:4 exclusion: ogre


Innate Abilities, Weirdness & Mutations

You are hated by all.
((You are very nimble when in or above water. (Stealth+, EV+, Speed+++)))
Your lower body shifts to a powerful aquatic tail in water.
You have a pair of small horns on your head.
You are partially covered in iridescent scales. (AC +2)
You sometimes lose your temper in combat.


Message History

You hit the orc.
The orc is moderately wounded.
You block the orc's attack. The hobgoblin closely misses you.
The orc hits you with a +0 club. You block the orc's attack.
You hit the orc.
You kill the orc!
You block the hobgoblin's attack.
You hit the hobgoblin. Your headbutt misses the hobgoblin.
The hobgoblin is almost dead.
The hobgoblin hits you.
You hit the hobgoblin.
You kill the hobgoblin!
The orc hits you with a +0 club.
You hit the orc.
The orc is lightly wounded.
You hit the orc. You headbutt the orc, but do no damage.
The orc is moderately wounded.
The orc hits you with a +0 club.
You closely miss the orc.
The orc is moderately wounded.
You block the orc's attack.
The ogre hits you with a +0 giant club!!
* * * LOW HITPOINT WARNING * * *
The orc closely misses you. The orc barely misses you.
Okay, then.
The orc attacks as it pursues you! You block the orc's attack.
It was a potion of haste.
You feel yourself speed up. The orc completely misses you.
The ogre closely misses you. You block the orc's attack.
The orc attacks as it pursues you! The orc hits you but does no damage.
You puncture the orc!
You kill the orc!
The ogre barely misses you.
You barely miss the ogre. You puncture the orc!
You kill the orc!
The ogre hits you with a +0 giant club!
You die...

####### ### #.....# #.. #.....#
#..
#########.....################..
..........)...)..............#..
...##.......O@.####...####....
#)########.##.........#...
........)....# #.##.........#...
...........#.###.##.........##..
..######..... ..............##..
...#................##.. ##..
........#+##.....#. #.. .......
#.....#. .........O #.....#.


You could see an ogre.

Vanquished Creatures
  A scorpion (D:3)
  An orc wizard (D:4)
  2 adders
  A gnoll (D:1)
  2 worms
  A dart slug (D:1)
  4 orcs (D:4)
  7 endoplasms
  5 goblins
  9 hobgoblins
  5 kobolds
  5 quokkas
  3 ball pythons
  6 bats
  3 frilled lizards
  3 rats
58 creatures vanquished.

Notes
Turn   | Place    | Note
-------+----------+-------------------------------------------
     0 | D:1      | BarneyGumball the Merfolk Gladiator began the quest for the
                  | Orb.
     0 | D:1      | Reached XP level 1. HP: 16/16 MP: 1/1
   175 | D:1      | Reached XP level 2. HP: 22/22 MP: 2/2
   290 | D:1      | Reached skill level 5 in Polearms
   365 | D:1      | Upgraded the game from 0.31-a0-726-g3c93526 to
                  | 0.31-a0-728-g01b4687
   534 | D:1      | Reached XP level 3. HP: 27/27 MP: 3/3
   775 | D:1      | You fall into a shaft and drop 1 floor!
   815 | D:2      | Reached skill level 6 in Polearms
   951 | D:2      | Reached XP level 4. HP: 25/33 MP: 4/4
   987 | D:2      | Found a sacrificial altar of Ru.
   995 | D:2      | Became a worshipper of Ru the Awakened
  1866 | D:3      | Noticed Grinder
  1935 | D:3      | Noticed a scorpion
  1970 | D:3      | Gained mutation: You sometimes lose your temper in combat.
                  | [potion of mutation]
  1970 | D:3      | Gained mutation: You are partially covered in iridescent
                  | scales. (AC +2) [potion of mutation]
  1970 | D:3      | Gained mutation: You have a pair of small horns on your
                  | head. [potion of mutation]
  1973 | D:3      | Killed a scorpion
  1974 | D:3      | Reached skill level 7 in Polearms
  1974 | D:3      | Reached XP level 5. HP: 34/38 MP: 5/5
  2129 | D:2      | Upgraded the game from 0.31-a0-728-g01b4687 to
                  | 0.31-a0-731-ga75f04d
  2361 | D:3      | Gained mutation: You are hated by all. [Ru sacrifice]
  2361 | D:3      | Reached * piety under Ru
  2460 | D:3      | Found a burning altar of Makhleb.
  2465 | D:3      | Found a shimmering altar of Xom.
  2465 | D:3      | Found a shadowy altar of Dithmenos.
  2465 | D:3      | Found a stormy altar of Qazlal.
  2465 | D:3      | Found an opulent altar of Gozag.
  2467 | D:3      | Found an ornate altar of the Wu Jian Council.
  2468 | D:3      | Found a sparkling altar of Nemelex Xobeh.
  2469 | D:3      | Found a hide-covered altar of Uskayaw.
  2529 | D:4      | Noticed an ogre
  2560 | D:4      | Reached skill level 8 in Polearms
  2589 | D:4      | Slain by an ogre

Illustrated notes

Levels and vault maps discovered:
D:1:      minmay_arrival_diagonal_passages, layout_loops_corners, serial_bayou,
          serial_bayou_pond_b, serial_bayou_pond_b, serial_bayou_shore_b,
          serial_bayou_pond_c, serial_bayou_lagoon_b, serial_bayou_pond_d
D:2:      layout_loops_ring, serial_forest, infiniplex_forest_corner_1,
          infiniplex_forest_straight_2, infiniplex_forest_split,
          infiniplex_forest_end_1, infiniplex_forest_lined_room_2,
          infiniplex_forest_end_3, basic_altar
D:3:      layout_basic, minitemple, uniq_grinder
D:4:      layout_basic, kennysheep_flooded_box, nicolae_titane

Skill      XL: |  1  2  3  4  5 |
---------------+----------------+-----
Polearms       | 5 6 7 8 |  8.1
Fighting       | |  2.1
Throwing       | |  2.0
Dodging        | |  4.0

Action                     |  1- 3 |  4- 6 || total
---------------------------+-------+-------++-------
  Melee: Trident           |   104 |   243 ||   347
         Punch             |       |     2 ||     2
         Headbutt          |       |    10 ||    10
  Throw: Throwing net      |     1 |     3 ||     4
         Dart              |       |     2 ||     2
 Invoke: Sacrifice Love    |       |     1 ||     1
    Use: Potion            |       |     2 ||     2
   Stab: Sleeping          |     1 |       ||     1
 Armour: Leather armour    |    25 |    26 ||    51
  Dodge: Dodged            |    51 |    27 ||    78
  Block: Other             |       |     6 ||     6

Table legend: (Time is in decaauts)
 A = Elapsed time spent in this place.
 B = Non-inter-level travel time spent in this place.
 C = Inter-level travel time spent in this place.
 D = Time resting spent in this place.
 E = Time spent auto-exploring this place.
 F = Levels seen in this place.
 G = Mean time per level.
                   A        B        C        D        E       F      G
               +--------+--------+--------+--------+--------+-----+--------+
         Total |   2572 |   2424 |    148 |     82 |   1571 |   4 |  643.0 |
       Dungeon |   2572 |   2424 |    148 |     82 |   1571 |   4 |  643.0 |
               +--------+--------+--------+--------+--------+-----+--------+

Top non-repeatable levels by time:
     D:2: 1143 daAuts
     D:1: 751 daAuts
     D:3: 568 daAuts
     D:4: 108 daAuts
